 Dungeon Crawl Stone Soup version 0.31-a0-662-g684573625c (webtiles) character file.

Game seed: 7474889041377228221

2461 freelancePsychic the Fighter (level 9, -2/133 HPs)
             Began as a Minotaur Conjurer on Sept 1, 2023.
             Was an Elder of Trog.
             Slain by an orc warrior
             ... wielding a +0 halberd
              (11 damage)
             ... in a bailey.
             The game lasted 00:12:11 (5131 turns).

freelancePsychic the Fighter (Minotaur Conjurer)    Turns: 5131, Time: 00:12:11

Health: -2/133     AC:  7    Str: 15    XL:     9   Next: 26%
Magic:  10/10      EV: 12    Int: 15    God:    Trog [****..]
Gold:   435        SH:  0    Dex: 10    Spells: 9/10 levels left

rFire   . . .        b - +3 quarterstaff (chaos)
rCold   . . .        (shield currently unavailable)
rNeg    + . .        p - +0 troll leather armour {Pargi}
rPois   .            (helmet restricted)
rElec   .            A - +0 cloak
rCorr   .            l - +0 pair of gloves
SInv    .            w - +0 pair of boots
Will    ++...        (no amulet) Stlth
                     I - ring of positive energy
HPRegen 3.02/turn    (no ring)
MPRegen 0.12/turn

%: no passive effects
@: mighty, berserking (expiring), strong-willed, regenerating, very quick
A: horns 2, retaliatory headbutt, regeneration 1, wild magic 1
a: Renounce Religion, Berserk, Trog's Hand, Brothers in Arms


You were in a bailey.
You worshipped Trog.
Trog was greatly pleased with you.
You visited 1 branch of the dungeon, and saw 7 of its levels.
You also visited: Sewer and Bailey.

You collected 435 gold pieces.

Inventory:

Hand Weapons
 a - the +8 orcbow of Aju Tatt {heavy, Dex+7 Stlth-}
   (You found it on level 7 of the Dungeon)

   Dex+7:     It affects your dexterity (+7).
   Stlth-:    It makes you less stealthy.
 b - a +3 quarterstaff of chaos (weapon)
Armour
 f - a +0 scale mail
 l - a +0 pair of gloves (worn)
 p - a +0 troll leather armour (worn) {Pargi}
 w - a +0 pair of boots (worn)
 A - a +0 cloak (worn)
 L - a +0 robe
 M - a +0 crystal plate armour
Jewellery
 k - a ring of fire
 C - a ring of ice
 F - an amulet of faith
 I - a ring of positive energy (left hand)
 J - an amulet of reflection
 K - a ring of willpower
Talismans
 i - a blade talisman
Wands
 B - a wand of flame (30) (quivered)
 G - a wand of quicksilver (5)
Scrolls
 c - a scroll of enchant weapon
 m - a scroll of butterflies
 n - 2 scrolls of brand weapon
 r - a scroll of blinking
 t - a scroll of enchant armour
 v - a scroll of identify {@r1}
 x - a scroll of teleportation {@r4}
 D - a scroll of poison
 E - a scroll of noise
 H - a scroll of fog
Potions
 d - 3 potions of mutation
 e - 4 potions of haste {unknown}
 g - 2 potions of enlightenment
 h - a potion of brilliance {unknown}
 j - 2 potions of curing {unknown}
 o - 2 potions of degeneration {unknown}
 q - 2 potions of might
 s - 2 potions of invisibility {unknown}
 u - 4 potions of heal wounds {unknown}
 y - 2 potions of magic
 z - 3 potions of cancellation {unknown}


   Skills:
 + Level 11.5 Fighting
 - Level 2.0 Staves
 - Level 3.9 Armour
 + Level 3.9 Dodging
 - Level 1.5 Stealth
 - Level 1.3 Spellcasting
 - Level 2.9 Conjurations
 * Level 5.2 Evocations


You had 9 spell levels left.
You knew the following spells:

 Your Spells              Type           Power      Damage    Failure   Level
a - Magic Dart            Conj           48%        1d5       13%         1

Your spell library contained the following spells:

 Spells                   Type           Power      Damage    Failure   Level
 Searing Ray              Conj           24%        2d5       19%         2
 Poisonous Vapours        Pois/Air       2%         N/A       50%         2
 Dazzling Flash           Conj/Hex       14%        N/A       52%         3
 Mephitic Cloud           Conj/Pois/Air  5%         N/A       58%         3
 Fulminant Prism          Conj/Hex       3%         3d5       88%         4
 Iskenderun's Mystic Bla  Conj/Tloc      7%         2d4       88%         4
 Freezing Cloud           Conj/Ice/Air   2%         6-21      99%         5


Dungeon Overview and Level Annotations

Branches:
Dungeon (7/15)             Temple (0/1) D:6           Sewer (visited)
 Bailey (1/1)

Altars:
Ashenzari
Elyvilon
Gozag
Makhleb
Qazlal
Ru
Trog
Vehumet
The Shining One

Shops:
D:1 [   D:5 [


Innate Abilities, Weirdness & Mutations

You have a pair of horns on your head.
You reflexively headbutt those who attack you in melee.
Your natural rate of healing is unusually fast.
Your spells are a little harder to cast, but a little more powerful.


Message History

The orc closely misses you. The orc warrior barely misses you.
The orc warrior hits you from afar with a +0 bardiche!
* * * LOW HITPOINT WARNING * * *
The orc hits you from afar with a +0 halberd!
* * * LOW HITPOINT WARNING * * *
The orc closely misses you.
The orc warrior hits you with a +0 glaive!
* * * LOW HITPOINT WARNING * * *
The orc barely misses you. The orc closely misses you.
The orc warrior misses you. The orc closely misses you.
Things that are here:
a +0 halberd; an orc corpse You thump the orc warrior!
The orc warrior seems to speed up.
You headbutt the orc warrior, but do no damage.
The orc warrior is moderately wounded.
The orc warrior barely misses you. You furiously retaliate!
You headbutt the orc warrior! The orc closely misses you.
The orc barely misses you. The orc warrior closely misses you.
The orc warrior hits you from afar with a +0 halberd.
* * * LOW HITPOINT WARNING * * *
The orc closely misses you.
The orc hits you from afar with a +0 halberd.
* * * LOW HITPOINT WARNING * * *
You completely miss the orc warrior.
The orc warrior is severely wounded.
The orc warrior misses you. The orc closely misses you.
You furiously retaliate!
You headbutt the orc. The orc warrior barely misses you.
The orc closely misses you. The orc warrior barely misses you.
You furiously retaliate!
You headbutt the orc warrior! The orc closely misses you.
The orc hits you from afar with a +0 halberd!
* * * LOW HITPOINT WARNING * * *
You bludgeon the orc warrior!!
You kill the orc warrior!
Trog accepts your kill.
You barely miss the orc warrior. Your headbutt misses the orc warrior.
The orc warrior is heavily wounded.
The orc hits you but does no damage.
The orc warrior hits you from afar with a +0 halberd!
You die...

#.....#
#.....#
#.....#
#.....#
#.....#
##'''##
##.....##
#..ooo).#
#..#.#@.#
#...oo).#
#...ooo.#
#.......#
##.....##
#'''''#
#.....#
.......


You could see 3 orc warriors and 5 orcs.

Vanquished Creatures
  A troll (D:6)
  Grinder (D:3)
  5 orc warriors
  A sky beast (D:7)
  Pargi (Sewer)
  2 ice beasts
  2 black bears
  A centaur (D:5)
  A phantom (D:5)
  A howler monkey (D:6)
  4 jellies
  A hound (D:6)
  Crazy Yiuf (D:4)
  2 orc priests
  A gnoll bouda (D:4)
  A sleepcap (D:4)
  An iguana (D:4)
  8 orc wizards
  5 gnolls (D:4)
  4 adders
  A shadow imp (D:6)
  A white imp (D:6)
  An ufetubus (D:6)
  2 worms
  2 dart slugs
  41 orcs
  7 ball pythons
  4 bats
  3 endoplasms
  8 giant cockroaches
  7 goblins
  10 hobgoblins
  3 jackals (D:4)
  5 kobolds
  6 quokkas
  7 frilled lizards
  4 rats
156 creatures vanquished.

Notes
Turn   | Place    | Note
-------+----------+-------------------------------------------
     0 | D:1      | freelancePsychic the Minotaur Conjurer began the quest for
                  | the Orb.
     0 | D:1      | Reached XP level 1. HP: 14/14 MP: 1/1
    90 | D:1      | Reached skill level 1 in Fighting
   310 | D:1      | Found Ucynoo Angya's Armour Emporium.
   354 | D:1      | Reached skill level 2 in Fighting
   354 | D:1      | Reached XP level 2. HP: 15/24 MP: 3/3
   405 | D:1      | Found a faded altar of an unknown god.
   411 | D:1      | Prayed at the altar of an unknown god.
   411 | D:1      | Became a worshipper of Trog the Wrathful
   411 | D:1      | Reached * piety under Trog
  1042 | D:2      | Reached skill level 3 in Fighting
  1142 | D:2      | Reached XP level 3. HP: 31/31 MP: 4/4
  1603 | D:3      | Reached skill level 4 in Fighting
  1658 | D:3      | Reached ** piety under Trog
  1713 | D:3      | Noticed Grinder
  1723 | D:3      | Reached XP level 4. HP: 34/41 MP: 5/5
  1792 | D:3      | Killed Grinder
  1793 | D:3      | Reached skill level 7 in Fighting
  1793 | D:3      | Reached XP level 5. HP: 39/52 MP: 6/6
  1793 | D:3      | Reached XP level 6. HP: 45/60 MP: 7/7
  2432 | D:4      | Found a glowing drain.
  2467 | Sewer    | Entered a sewer
  2513 | Sewer    | Noticed Pargi
  2523 | Sewer    | Killed Pargi
  2797 | D:4      | Found a glowing golden altar of the Shining One.
  2964 | D:4      | Found a runed translucent door.
  2965 | D:4      | Noticed Crazy Yiuf
  3033 | D:4      | Reached skill level 8 in Fighting
  3038 | D:4      | Reached XP level 7. HP: 30/68 MP: 8/8
  3126 | D:4      | Reached *** piety under Trog
  3538 | D:4      | Killed Crazy Yiuf
  3612 | D:5      | Entered Level 5 of the Dungeon
  3623 | D:4      | Reached skill level 9 in Fighting
  3632 | D:5      | Found a broken altar of Ashenzari.
  3765 | D:5      | Found a white marble altar of Elyvilon.
  3799 | D:5      | Reached skill level 1 in Staves
  3805 | D:5      | Found Muppe's Antique Armour Shop.
  3820 | D:5      | Found a burning altar of Makhleb.
  3838 | D:5      | Reached skill level 10 in Fighting
  3838 | D:5      | Reached XP level 8. HP: 74/79 MP: 9/9
  3973 | D:5      | Found a sacrificial altar of Ru.
  4022 | D:5      | Found a stormy altar of Qazlal.
  4120 | D:6      | Found a radiant altar of Vehumet.
  4154 | D:6      | Reached skill level 1 in Evocations
  4274 | D:6      | Found an opulent altar of Gozag.
  4318 | D:6      | Noticed a troll
  4336 | D:6      | Killed a troll
  4337 | D:6      | Reached skill level 11 in Fighting
  4519 | D:6      | Found a staircase to the Ecumenical Temple.
  4825 | D:7      | Reached XP level 9. HP: 70/89 MP: 10/10
  4841 | D:7      | Identified the +8 orcbow of Aju Tatt {heavy, Dex+7 Stlth-}
  4937 | D:7      | Found a flagged portal.
  4946 | Bailey   | Entered a bailey
  4971 | Bailey   | Reached **** piety under Trog
  5113 | Bailey   | Gained mutation: Your natural rate of healing is unusually
                  | fast. [potion of mutation]
  5113 | Bailey   | Gained mutation: Your spells are a little harder to cast,
                  | but a little more powerful. [potion of mutation]
  5122 | Bailey   | Reached skill level 5 in Evocations
  5129 | Bailey   | HP: 5/133 [orc/+0 halberd (9)]
  5131 | Bailey   | Slain by an orc warrior

Illustrated notes

Levels and vault maps discovered:
D:1:      dpeg_arrival_chambers_temple_mockup, layout_basic, serial_shops, shop,
          chequers_ecumenical_altar_grove, minmay_misc_feat_alley
D:2:      layout_loops_ring, guppyfry_early_orc_mine
D:3:      layout_loops_ring, minmay_misc_feat_tiny, uniq_grinder
D:4:      layout_rooms, nicolae_tso_carved_into_rock, gup_sewer_entry_pipe,
          reono_crystal_passage, grunt_ministairs_7, uniq_crazy_yiuf_cottage
D:5:      layout_cave_pools, kennysheep_mini_moat,
          mainiacjoe_overflow_boulevard, grunt_temple_overflow_open,
          ashenzari_conservatory_becter, serial_shops, shop
D:6:      wander_river, layout_basic, mainiacjoe_overflow_alcove_4,
          mainiacjoe_overflow_tiny_flanked, minmay_temple_entry_hall
D:7:      layout_rooms, lemuel_tele_altar, general_overflow_altar,
          enter_bailey_8
Bailey:   bailey_polearm_5, bailey

Skill      XL: |  1  2  3  4  5  6  7  8  9 |
---------------+----------------------------+-----
Fighting       | 2 3 4 7 8 10 11 | 11.5
Armour         | 3 |  3.9
Staves         | 2 |  2.0
Evocations     | 4 5 |  5.2
Dodging        | 3 |  3.9
Stealth        | |  1.5
Spellcasting   | |  1.3
Conjurations   | |  2.9

Action                     |  1- 3 |  4- 6 |  7- 9 || total
---------------------------+-------+-------+-------++-------
  Melee: Unarmed           |   140 |   164 |    49 ||   353
         Headbutt          |    27 |    30 |    41 ||    98
         Punch             |     3 |     3 |     2 ||     8
         Quarterstaff      |       |       |   137 ||   137
   Fire: Orcbow            |       |       |    20 ||    20
   Cast: Magic Dart        |     2 |       |       ||     2
 Invoke: Berserk           |       |     3 |     5 ||     8
         Trog's Hand       |       |       |     1 ||     1
    Use: Scroll            |     6 |     2 |     3 ||    11
         Potion            |       |     1 |     2 ||     3
   Stab: Distracted        |       |       |     1 ||     1
 Armour: Robe              |     9 |       |       ||     9
         Scale mail        |    69 |    48 |       ||   117
         Troll leather arm |       |    64 |   228 ||   292
  Dodge: Dodged            |    62 |    88 |   179 ||   329

Table legend: (Time is in decaauts)
 A = Elapsed time spent in this place.
 B = Non-inter-level travel time spent in this place.
 C = Inter-level travel time spent in this place.
 D = Time resting spent in this place.
 E = Time spent auto-exploring this place.
 F = Levels seen in this place.
 G = Mean time per level.
                   A        B        C        D        E       F      G
               +--------+--------+--------+--------+--------+-----+--------+
         Total |   5311 |   5095 |    216 |    310 |   3409 |   9 |  590.1 |
       Dungeon |   4867 |   4651 |    216 |    310 |   3194 |   7 |  695.3 |
         Sewer |    238 |    238 |      0 |      0 |    148 |   1 |  238.0 |
        Bailey |    205 |    205 |      0 |      0 |     67 |   1 |  205.0 |
               +--------+--------+--------+--------+--------+-----+--------+

Top non-repeatable levels by time:
     D:4: 1086 daAuts
     D:1: 874 daAuts
     D:3: 799 daAuts
     D:6: 799 daAuts
     D:2: 719 daAuts
     D:5: 447 daAuts
   Sewer: 238 daAuts
  Bailey: 205 daAuts
     D:7: 140 daAuts
